 Dungeon Crawl Stone Soup version 0.21.0-25-ge575cb9 (webtiles) character file.

346 tidbits the Insei (level 6, -5/47 HPs)
             Began as a Gnoll Transmuter on Jan 25, 2018.
             Was an Initiate of Cheibriados.
             Killed from afar by an orc wizard (11 damage)
             ... with a puff of flame
             ... on level 4 of the Dungeon.
             The game lasted 00:06:33 (499 turns).

tidbits the Insei (Gnoll Transmuter)                 Turns: 499, Time: 00:06:34

Health: -5/47      AC:  2    Str: 13    XL:     6   Next: 59%
Magic:  7/14       EV: 24    Int: 19    God:    Cheibriados [......]
Gold:   37         SH:  0    Dex: 21    Spells: 9/15 levels left

rFire    . . .     SeeInvis .     - Unarmed
rCold    . . .     Gourm    .   (shield currently unavailable)
rNeg     . . .     Faith    .   (armour currently unavailable)
rPois    x         Spirit   .   (helmet currently unavailable)
rElec    .         Reflect  .   (cloak currently unavailable)
rCorr    .         Harm     .   (gloves currently unavailable)
MR       .....                  (boots currently unavailable)
Stlth    ++........             (no amulet)
HPRegen  0.15/turn              (no ring)
MPRegen  0.14/turn              (no ring)

@: spider-form (expiring), very slow
A: tiny, distributed training, strong nose
a: End Transformation, Bend Time, Renounce Religion


You were on level 4 of the Dungeon.
You worshipped Cheibriados.
Cheibriados was noncommittal.
You were full.
You were a venomous arachnid creature.
You visited 2 branches of the dungeon, and saw 5 of its levels.

You collected 37 gold pieces.

Inventory:

Hand Weapons
 f - a +2 flail of holy wrath
   (You took it off Edmund on level 4 of the Dungeon)
 h - a +0 dagger
Missiles
 a - 35 arrows
Armour
 b - a +0 robe (melded)
Jewellery
 k - an uncursed ring of ice
   (You found it on level 4 of the Dungeon)
Scrolls
 r - a scroll of remove curse
Potions
 e - a potion of brilliance
Books
 c - a book of Changes

   Spells                             Type                      Level
   a - Beastly Appendage              Transmutation                1
   b - Sticks to Snakes               Transmutation                2
   c - Spider Form                    Transmutation/Poison         3
   d - Ice Form                       Ice/Transmutation            4
   e - Blade Hands                    Transmutation                5
Comestibles
 d - 3 rations


   Skills:
 + Level 3.2 Fighting
 + Level 2.0 Short Blades
 + Level 2.0 Long Blades
 + Level 2.0 Axes
 + Level 2.0 Maces & Flails
 + Level 2.0 Polearms
 + Level 2.0 Staves
 + Level 2.0 Slings
 + Level 2.0 Bows
 + Level 2.0 Crossbows
 + Level 2.0 Throwing
 + Level 2.0 Armour
 + Level 5.0 Dodging
 + Level 2.0 Stealth
 + Level 2.0 Shields
 + Level 6.8 Unarmed Combat
 + Level 5.4 Spellcasting
 + Level 1.5 Conjurations
 + Level 1.5 Hexes
 + Level 1.5 Charms
 + Level 1.5 Summonings
 + Level 1.5 Necromancy
 + Level 1.5 Translocations
 + Level 4.1 Transmutations
 + Level 1.5 Fire Magic
 + Level 1.5 Ice Magic
 + Level 1.5 Air Magic
 + Level 1.5 Earth Magic
 + Level 1.5 Poison Magic
 + Level 2.2 Invocations
 + Level 2.0 Evocations


You had 9 spell levels left.
You knew the following spells:

 Your Spells              Type           Power        Failure   Level  Hunger
e - Beastly Appendage     Tmut           ###...       9%          1    None
k - Sticks to Snakes      Tmut           ###.....     11%         2    None
p - Spider Form           Tmut/Pois      ###.......   26%         3    ##.....


Dungeon Overview and Level Annotations

Branches:
Dungeon (4/15)             Temple (1/1) D:4

Altars:
Cheibriados
Fedhas
Gozag
Ru
Sif Muna
Trog
Vehumet
Wu Jian
Xom
Yredelemnul
Zin
The Shining One

Annotations:
D:3 Natasha
D:4 Blork the orc, Robin


Innate Abilities, Weirdness & Mutations

Your experience applies equally to all skills.
((You have very sharp teeth.))
Your uncanny sense of smell can sniff out nearby items.


Message History

You turn into a venomous arachnid creature.
Your +0 robe melds into your body.
Your ball python bites the hippogriff.
The hippogriff bites you.
* * * LOW HITPOINT WARNING * * *
The hippogriff completely misses you. The hippogriff claws you.
* * * LOW HITPOINT WARNING * * *
You hit the hippogriff.
The hippogriff looks as sick as possible!
The hippogriff is severely wounded.
Your ball python bites the hippogriff but does no damage.
The hippogriff misses you. The hippogriff pecks you.
* * * LOW HITPOINT WARNING * * *
The hippogriff claws you.
* * * LOW HITPOINT WARNING * * *
Your ball python bites the hippogriff.
Okay, then.
You bite the hippogriff!
You kill the hippogriff!
Cheibriados appreciates the change of pace.
Your Short Blades skill increases to level 2!
Your Long Blades skill increases to level 2!
Your Axes skill increases to level 2!
Your Maces & Flails skill increases to level 2!
Your Polearms skill increases to level 2!
Your Staves skill increases to level 2!
Your Slings skill increases to level 2!
Your Bows skill increases to level 2!
Your Crossbows skill increases to level 2!
Your Throwing skill increases to level 2!
Your Armour skill increases to level 2!
Your Dodging skill increases to level 5!
Your Stealth skill increases to level 2!
Your Shields skill increases to level 2!
Your Invocations skill increases to level 2!
Your Evocations skill increases to level 2!
You have reached level 6!
Your experience leads to an increase in your attributes!
Your base attributes are Str 12, Int 17, Dex 15.
Increase (S)trength, (I)ntelligence, or (D)exterity?
You feel clever.
You bite the goblin!
You kill the goblin!
Cheibriados appreciates the change of pace.
You hit the hobgoblin.
The hobgoblin is poisoned.
The hobgoblin is moderately wounded.
You kill the hobgoblin!
Cheibriados thoroughly appreciates the change of pace.
The hobgoblin hits your ball python.
Okay, then.
You aren't carrying any items that you can evoke.
Unknown command.
Okay, then.
Your ball python barely misses the hobgoblin.
Your ball python grabs the hobgoblin.
Your ball python constricts the hobgoblin.
The hobgoblin barely misses your ball python.
A goblin and an orc wizard come into view.
Your ball python bites the hobgoblin.
Your ball python constricts the hobgoblin.
The hobgoblin hits your ball python.
Your ball python dies!
Casting: Spider Form
Confirm with . or Enter, or press ? or * to list all spells.
You create a snake!
You now have 35 arrows.
You hit the hobgoblin.
The hobgoblin is poisoned.
The hobgoblin is severely wounded.
Your transformation is almost over.
You kill the hobgoblin!
Cheibriados thoroughly appreciates the change of pace.
Your adder bites the hobgoblin.
You hit the hobgoblin but do no damage.
The hobgoblin is moderately wounded.
The orc wizard looks encouraged for a moment.
Your adder bites the hobgoblin.
The hobgoblin dies!
Cheibriados thoroughly appreciates the change of pace.
Your adder barely misses the goblin.
An orc comes into view.
You hit the goblin.
The goblin is poisoned.
The goblin is moderately wounded.
You kill the goblin!
Cheibriados appreciates the change of pace.
Your adder misses the orc wizard. The orc wizard casts a spell at you.
The puff of frost hits your adder.
Your adder barely misses the orc wizard.
An orc comes into view. It is wielding a war axe.
Your adder barely misses the orc wizard.
What are your orders? t - Hiss!
Orders for allies: a - Attack new target. r - Retreat! s - Stop attacking. g - Guard the area. f - Follow me.
Anything else - Cancel.
Gang up on whom?
Press: ? - help, Dir - move target cursor, f - orc wizard
Aim: an orc wizard, wielding a dagger and wearing a robe Attack!
The orc wizard gestures at you while chanting.
The puff of flame misses your adder. The puff of flame hits you!
You die...

######[######
#...#...#...
#.⌠...⌠...⌠.#
#...#...#...#
##.###.###.##
#...#...# ..#
#.⌠.#.⌠.# .#
####
#)).#...# #
##...# ##s##
###
##.....###S#
#........o.#
.....o..####
........#
.#.o.).##
g...[..
.....g"
g......


You could see an orc wizard and a friendly adder.

Vanquished Creatures
  A hippogriff (D:4)
  Edmund (D:4)
  A scorpion (D:3)
  An adder (D:3)
  An orc (D:3)
  A ball python (D:2)
  2 giant cockroaches
  5 goblins
  5 hobgoblins
  2 frilled lizards
  2 rats (D:3)
22 creatures vanquished.

Vanquished Creatures (collateral kills)
  A worm (D:3)
  A goblin (D:4)
  A hobgoblin (D:4)
3 creatures vanquished.

Grand Total: 25 creatures vanquished

Notes
Turn   | Place    | Note
-------+----------+-------------------------------------------
     0 | D:1      | tidbits the Gnoll Transmuter began the quest for the Orb.
     0 | D:1      | Reached XP level 1. HP: 17/17 MP: 6/6
    78 | D:3      | Reached XP level 2. HP: 20/23 MP: 7/7
    82 | D:3      | Learned a level 2 spell: Sticks to Snakes
   198 | D:3      | Noticed Natasha
   207 | D:3      | Reached XP level 3. HP: 26/28 MP: 6/9
   212 | D:3      | Learned a level 3 spell: Spider Form
   220 | D:4      | Noticed Blork the orc
   220 | D:4      | Noticed a hippogriff
   267 | D:3      | Noticed a scorpion
   276 | D:3      | Killed a scorpion
   276 | D:3      | Reached skill level 1 in Short Blades
   276 | D:3      | Reached skill level 1 in Long Blades
   276 | D:3      | Reached skill level 1 in Axes
   276 | D:3      | Reached skill level 1 in Maces & Flails
   276 | D:3      | Reached skill level 1 in Polearms
   276 | D:3      | Reached skill level 1 in Staves
   276 | D:3      | Reached skill level 1 in Slings
   276 | D:3      | Reached skill level 1 in Bows
   276 | D:3      | Reached skill level 1 in Crossbows
   276 | D:3      | Reached skill level 1 in Throwing
   276 | D:3      | Reached skill level 1 in Armour
   276 | D:3      | Reached skill level 1 in Stealth
   276 | D:3      | Reached skill level 1 in Shields
   276 | D:3      | Reached skill level 5 in Spellcasting
   276 | D:3      | Reached skill level 1 in Invocations
   276 | D:3      | Reached skill level 1 in Evocations
   276 | D:3      | Reached XP level 4. HP: 18/34 MP: 9/11
   377 | D:4      | Found a staircase to the Ecumenical Temple.
   378 | D:4      | Noticed Edmund
   395 | D:4      | Killed Edmund
   395 | D:4      | Reached skill level 3 in Fighting
   395 | D:4      | Reached skill level 1 in Conjurations
   395 | D:4      | Reached skill level 1 in Hexes
   395 | D:4      | Reached skill level 1 in Charms
   395 | D:4      | Reached skill level 1 in Summonings
   395 | D:4      | Reached skill level 1 in Necromancy
   395 | D:4      | Reached skill level 1 in Translocations
   395 | D:4      | Reached skill level 4 in Transmutations
   395 | D:4      | Reached skill level 1 in Fire Magic
   395 | D:4      | Reached skill level 1 in Ice Magic
   395 | D:4      | Reached skill level 1 in Air Magic
   395 | D:4      | Reached skill level 1 in Earth Magic
   395 | D:4      | Reached skill level 1 in Poison Magic
   395 | D:4      | Reached XP level 5. HP: 32/41 MP: 8/12
   427 | Temple   | Entered the Ecumenical Temple
   436 | Temple   | Became a worshipper of Cheibriados the Contemplative
   464 | D:4      | Noticed Robin
   486 | D:4      | HP: 3/41 [hippogriff (3)]
   487 | D:4      | Killed a hippogriff
   487 | D:4      | Reached skill level 2 in Short Blades
   487 | D:4      | Reached skill level 2 in Long Blades
   487 | D:4      | Reached skill level 2 in Axes
   487 | D:4      | Reached skill level 2 in Maces & Flails
   487 | D:4      | Reached skill level 2 in Polearms
   487 | D:4      | Reached skill level 2 in Staves
   487 | D:4      | Reached skill level 2 in Slings
   487 | D:4      | Reached skill level 2 in Bows
   487 | D:4      | Reached skill level 2 in Crossbows
   487 | D:4      | Reached skill level 2 in Throwing
   487 | D:4      | Reached skill level 2 in Armour
   487 | D:4      | Reached skill level 5 in Dodging
   487 | D:4      | Reached skill level 2 in Stealth
   487 | D:4      | Reached skill level 2 in Shields
   487 | D:4      | Reached skill level 2 in Invocations
   487 | D:4      | Reached skill level 2 in Evocations
   487 | D:4      | Reached XP level 6. HP: 4/47 MP: 7/14
   499 | D:4      | Killed from afar by an orc wizard

Skill      XL: |  1  2  3  4  5 |
---------------+----------------+-----
Short Blades   | 1 2 |  2.0
Long Blades    | 1 2 |  2.0
Axes           | 1 2 |  2.0
Maces & Flails | 1 2 |  2.0
Polearms       | 1 2 |  2.0
Staves         | 1 2 |  2.0
Slings         | 1 2 |  2.0
Bows           | 1 2 |  2.0
Crossbows      | 1 2 |  2.0
Throwing       | 1 2 |  2.0
Armour         | 1 2 |  2.0
Stealth        | 1 2 |  2.0
Shields        | 1 2 |  2.0
Spellcasting   | 5 |  5.4
Invocations    | 1 2 |  2.2
Evocations     | 1 2 |  2.0
Fighting       | 3 |  3.2
Conjurations   | 1 |  1.5
Hexes          | 1 |  1.5
Charms         | 1 |  1.5
Summonings     | 1 |  1.5
Necromancy     | 1 |  1.5
Translocations | 1 |  1.5
Transmutations | 4 |  4.1
Fire Magic     | 1 |  1.5
Ice Magic      | 1 |  1.5
Air Magic      | 1 |  1.5
Earth Magic    | 1 |  1.5
Poison Magic   | 1 |  1.5
Dodging        | 5 |  5.0
Unarmed Combat | |  6.8

Action                   |  1- 3 |  4- 6 || total
-------------------------+-------+-------++-------
Melee: Unarmed           |    26 |    26 ||    52
       Bite              |     2 |       ||     2
       Kick              |     4 |       ||     4
       Punch             |       |     1 ||     1
 Cast: Beastly Appendage |     6 |       ||     6
       Sticks to Snakes  |     1 |     4 ||     5
       Spider Form       |       |     3 ||     3
  Use: Scroll            |     5 |     2 ||     7
       Potion            |       |     2 ||     2
 Stab: Sleeping          |     1 |       ||     1
       Distracted        |       |     1 ||     1
  Eat: Ration            |       |     1 ||     1
Armor: Robe              |     2 |       ||     2
       Skin              |       |     4 ||     4
Dodge: Dodged            |     8 |     8 ||    16

Table legend:
 A = Turns spent in this place as a percentage of turns spent in the entire game.
 B = Non-inter-level travel turns spent in this place as a percentage of non-inter-level travel turns spent in the entire game.
 C = Inter-level travel turns spent in this place as a percentage of turns spent in this place.
 D = Turns resting spent in this place as a percentage of non-inter-level travel turns spent in this place.
 E = Turns spent auto-exploring this place as a percentage of non-inter-level travel turns spent in this place.
 F = Non-inter-level travel turns spent in this place divided by the number of levels of this place that you've seen.
                   A       B       C       D       E      F
               +-------+-------+-------+-------+-------+----------------------
         Total | 100.0 | 100.0 |   0.0 |   0.0 |   0.0 |  99.8
       Dungeon |  96.2 |  96.2 |   0.0 |   0.0 |   0.0 | 120.0
        Temple |   3.8 |   3.8 |   0.0 |   0.0 |   0.0 |  19.0
               +-------+-------+-------+-------+-------+----------------------

Table legend:
 A = Kills in this place as a percentage of kills in entire the game.
 B = Kills by you in this place as a percentage of kills by you in the entire game.
 C = Kills by friends in this place as a percentage of kills by friends in the entire game.
 D = Other kills in this place as a percentage of other kills in the entire game.
 E = Experience gained in this place as a percentage of experience gained in the entire game.
 F = Experience gained in this place divided by the number of levels of this place that you have seen.
                   A       B       C       D       E      F
               +-------+-------+-------+-------+-------+----------------------
         Total | 100.0 | 100.0 | 100.0 |   N/A | 100.0 |  99.0
       Dungeon | 100.0 | 100.0 | 100.0 |   N/A | 100.0 | 123.8
               +-------+-------+-------+-------+-------+----------------------

Vault maps used:
D:1:      grunt_arrival_crossed_arrows
D:2:      minmay_tiny_reverse_x
D:3:      lemuel_coloured_pillars_altar, gup_sewer_entry_bubbles, uniq_natasha
D:4:      minmay_temple_entry_nine_rooms, elyvilon_altar_4, uniq_blork_the_orc,
          uniq_edmund, uniq_robin
Temple:   eino_temple_lava
